 Dungeon Crawl Stone Soup version 0.24.0-13-gcf9b319 (webtiles) character file.

Game seed: 4874503119051787246, levelgen mode: deterministic

291 Fang the Skirmisher (level 6, 0/39 HPs)
             Began as a Gargoyle Fighter on Dec 18, 2019.
             Slain by a killer bee (3 damage)
             ... on level 4 of the Dungeon.
             The game lasted 00:02:03 (2249 turns).

Fang the Skirmisher (Gargoyle Fighter)              Turns: 2249, Time: 00:02:04

Health: 0/39       AC: 11    Str: 21    XL:     6   Next: 32%
Magic:  6/6        EV:  7    Int:  9    God:
Gold:   248        SH:  9    Dex:  9    Spells: 5/5 levels left

rFire    . . .     SeeInvis .   a - +0 war axe
rCold    . . .     Gourm    .   B - +0 shield
rNeg     + . .     Faith    .   b - +0 scale mail
rPois    ∞         Spirit   .   (no helmet)
rElec    +         Reflect  .   (no cloak)
rCorr    .         Harm     .   (no gloves)
MR       .....                  (no boots)
Stlth    ..........             (no amulet)
HPRegen  0.13/turn              (no ring)
MPRegen  0.10/turn              (no ring)

@: no status effects
A: negative energy resistance 1, electricity resistance, unbreathing,
petrification resistance, rot immunity, AC +4
a: no special abilities


You were on level 4 of the Dungeon.
You were hungry.

You visited 1 branch of the dungeon, and saw 4 of its levels.

You collected 248 gold pieces.

Inventory:

Hand Weapons
 a - a +0 war axe (weapon)
Armour
 b - a +0 scale mail (worn)
 B - a +0 shield (worn)
Scrolls
 e - 2 scrolls of enchant armour {unknown}
 f - a scroll of remove curse {unknown}
 h - 2 scrolls of teleportation {unknown}
 i - 2 scrolls of noise {unknown}
 j - 2 scrolls of immolation {unknown}
 k - 2 scrolls of identify {unknown}
 o - 2 scrolls of fear {unknown}
 p - a scroll of amnesia {unknown}
Potions
 d - 2 potions of might
 m - a potion of haste {unknown}
 n - 3 potions of curing {unknown}
 q - a potion of lignification {unknown}
Comestibles
 c - 6 rations


   Skills:
 + Level 4.7 Fighting
 + Level 3.2 Axes
 + Level 4.7 Armour
 + Level 4.7 Shields


You had 5 spell levels left.
You didn't know any spells.
Your spell library was empty.

Dungeon Overview and Level Annotations

Branches:
Dungeon (4/15)
 Temple: D:4-7

Altars:
Gozag
Qazlal
Wu Jian
Yredelemnul


Innate Abilities, Weirdness & Mutations

You are resistant to torment.
Your stone body is resilient. (AC +4)
You are immune to poison.
You resist negative energy. (rN+)
You are resistant to electric shocks. (rElec)
You can survive without breathing.
You are immune to petrification.
You are immune to rotting.


Message History

* * * LOW HITPOINT WARNING * * *
A killer bee comes into view.
The killer bee barely misses you.
The killer bee buzzes angrily.
The killer bee stings you but does no damage. x2
You block the killer bee's attack.
The killer bee stings you but does no damage.
The worker ant bites you.
* * * LOW HITPOINT WARNING * * *
The killer bee stings you but does no damage. x2
You block the killer bee's attack.
You closely miss the worker ant. You miss the killer bee.
You closely miss the killer bee.
Your shield and scale mail prevent you from hitting the killer bee.
The killer bee stings you but does no damage.
The killer bee stings you.
* * * LOW HITPOINT WARNING * * *
You block the killer bee's attack. The worker ant barely misses you.
The killer bee stings you.
You die...

.# .# .# ##
#######.# ..
##.....#.#.##
##......#.....
##.......y#
#.......@y#
##+#...a#y#
##+#+#.<#.#
##......#(.##
............#
.....######.#
....# ... ...#
..## #.. ..#


You could see a worker ant and 3 killer bees.

Vanquished Creatures
  A human (D:3)
  Jessica (D:2)
  A worker ant (D:2)
  3 adders (D:2)
  2 oozes (D:2)
  4 worms
  A dart slug (D:2)
  2 leopard geckos
  8 bats
  3 giant cockroaches
  11 goblins
  4 hobgoblins
  A quokka (D:2)
  A ball python (D:1)
  6 frilled lizards
  7 kobolds
  A kobold zombie (D:3)
  2 rats
59 creatures vanquished.

Notes
Turn   | Place    | Note
-------+----------+-------------------------------------------
     0 | D:1      | Fang the Gargoyle Fighter began the quest for the Orb.
     0 | D:1      | Reached XP level 1. HP: 14/14 MP: 1/1
   269 | D:1      | Reached XP level 2. HP: 19/19 MP: 2/2
   885 | D:2      | Reached XP level 3. HP: 23/23 MP: 3/3
   966 | D:2      | Found an opulent altar of Gozag.
  1063 | D:2      | Noticed Jessica
  1067 | D:2      | Killed Jessica
  1067 | D:2      | Reached XP level 4. HP: 29/29 MP: 4/4
  1437 | D:2      | Reached XP level 5. HP: 31/33 MP: 5/5
  1438 | D:2      | Found an ornate altar of the Wu Jian Council.
  1611 | D:3      | Found a runed translucent door.
  1611 | D:3      | Noticed a human
  1612 | D:3      | Found a basalt altar of Yredelemnul.
  1643 | D:3      | Killed a human
  1643 | D:3      | Reached XP level 6. HP: 22/39 MP: 6/6
  1948 | D:3      | Found a stormy altar of Qazlal.
  2249 | D:4      | Slain by a killer bee

Levels and vault maps discovered:
D:1:      dpeg_arrival_orchard, layout_loops_corners, minmay_pentomino_r2
D:2:      layout_loops_ring, grunt_gozag_breadcrumbs, old_standard_altar,
          minmay_unequal, uniq_jessica
D:3:      layout_rooms, grunt_qazlal_sundering, grunt_decor_fettered,
          dk_yredelemnul_ordeal
D:4:      layout_basic, lemuel_round_altar, tgw_sif, minmay_temple_entry_oklob,
          minmay_cupped

Skill      XL: |  1  2  3  4  5 |
---------------+----------------+-----
Axes           | 2 3 |  3.2
Fighting       | 4 |  4.7
Armour         | 4 |  4.7
Shields        | 4 |  4.7

Action                   |  1- 3 |  4- 6 || total
-------------------------+-------+-------++-------
Melee: War axe           |    81 |   157 ||   238
  Eat: Chunk             |     1 |     3 ||     4
Armor: Scale mail        |    62 |   114 ||   176
Dodge: Dodged            |    32 |    50 ||    82
Block: Shield            |    44 |    89 ||   133
